 Dungeon Crawl Stone Soup version 0.17-b1-25-g6d8775f (webtiles) character file.

289 4thArraOfDagon the Ruffian (level 6, -2/56 HPs)
             Began as a Minotaur Monk on Nov 5, 2015.
             Slain by an ogre
             ... wielding a +0 giant club
              (26 damage)
             ... on level 6 of the Dungeon.
             The game lasted 00:04:03 (622 turns).

4thArraOfDagon the Ruffian (Minotaur Monk)           Turns: 622, Time: 00:04:03

Health: -2/56      AC:  8    Str: 15    XL:     6   Next: 9%
Magic:  5/5        EV:  7    Int:  9    God:
Gold:   71         SH:  0    Dex: 13    Spells: 0 memorised, 5 levels left

rFire  . . .     SeeInvis .     j - +0 war axe (distort)
rCold  . . .     Clarity  .     c - +0 chain mail
rNeg   . . .     SustAt   .     (no shield)
rPois  .         Gourm    .     (helmet restricted)
rElec  .         Spirit   .     (no cloak)
rCorr  .         Warding  .     (no gloves)
rMut   .         Stasis   .     (no boots)
MR     .....                    (no amulet)
Stlth  ..........               (no ring)
                                (no ring)

@: lethally poisoned (-2 -> -3), not resistant to hostile enchantments,
extremely unstealthy
A: retaliatory headbutt, horns 2
a: no special abilities


You were on level 6 of the Dungeon.
You were not hungry.

You visited 1 branch of the dungeon, and saw 7 of its levels.

You collected 71 gold pieces.

Inventory:

Hand Weapons
 a - a +0 hand axe
 j - a +0 war axe of distortion (weapon)
 l - a +0 war axe
Armour
 c - a +0 chain mail (worn)
 q - the +1 leather armour of the Frog {rF- rC++ rN+, unknown}
   (You found it on level 6 of the Dungeon)

   It makes you vulnerable to fire.
   It greatly protects you from cold.
   It protects you from negative energy.
Scrolls
 d - a scroll of fear {unknown}
 e - a scroll of identify {unknown}
 h - 2 scrolls of recharging {unknown}
 i - a scroll of fog {unknown}
 m - a scroll of amnesia {unknown}
 n - a scroll of remove curse {unknown}
 p - a scroll of immolation {unknown}
Potions
 k - 2 potions of cancellation {unknown}
 o - a potion of curing {unknown}
Books
 f - a book of Flames

   Spells                             Type                      Level
   a - Flame Tongue                   Conjuration/Fire             1
   b - Throw Flame                    Conjuration/Fire             2
   c - Conjure Flame                  Conjuration/Fire             3
   d - Inner Flame                    Hexes/Fire                   3
   e - Sticky Flame                   Conjuration/Fire             4
   f - Fireball                       Conjuration/Fire             5
Comestibles
 b - 3 bread rations
 g - 2 beef jerkies
 r - 2 meat rations


   Skills:
 + Level 5.1 Fighting
 * Level 4.2 Axes
 + Level 4.4 Dodging
 - Level 1.5 Stealth
 - Level 5.2 Unarmed Combat


You had 5 spell levels left.
You didn't know any spells.

Dungeon Overview and Level Annotations

Branches:
Dungeon (7/15)
 Temple: D:4-7

Altars:
Dithmenos
Nemelex Xobeh

Annotations:
D:5 Pikel


Innate Abilities, Weirdness & Mutations

You reflexively headbutt those who attack you in melee.
You have a pair of horns on your head.


Message History

Unknown command.
You slash the adder!
Space warps horribly around the adder!
You kill the adder!
You barely miss the hound.
You feel sick. The hound bites you but does no damage.
The hound barely misses you.
You hit the hound.
The hound looks slightly unstable.
The hound is moderately wounded.
The hound bites you. x2
Unknown command.
You closely miss the hound.
The hound is moderately wounded.
You feel sick.
The worker ant twitches its antennae in your direction.
The hound bites you but does no damage. x2
You closely miss the hound.
The hound is moderately wounded.
The ogre shouts!
You hear a shout!
The hound disappears!
You feel sick. The ogre hits you with a giant club!!
You die...

.##... # ........ ..#.......
?.........## . . .....
...####.. . ... ... ....... ..
.## ....##O###..... .... #..#.
.Z...a.@...### ..... #.....
###..#ยง......##..... ......
#...###...##.#....># .#..._ .
..####.##....#.. ..... ...
.................
........#######.......##....#
##. #... ....##........#....#
##.##.####..................##
# {......
.......................


You could see an ogre, a worker ant and a quokka zombie.

Vanquished Creatures
  A phantom (D:6)
  2 hounds (D:6)
  A worker ant (D:4)
  An adder (D:6)
  A shadow imp (D:6)
  A worm (D:4)
  2 giant geckos
  An orc (D:3)
  4 goblins
  2 hobgoblins (D:1)
  3 jackals (D:4)
  A quokka (D:6)
  A ball python (D:1)
  3 bats
  3 kobolds
27 creatures vanquished.

Vanquished Creatures (others)
  A centaur (D:6)
  A hound zombie (D:7)
2 creatures vanquished.

Grand Total: 29 creatures vanquished

Notes
Turn   | Place    | Note
--------------------------------------------------------------
     0 | D:1      | 4thArraOfDagon the Minotaur Monk began the quest for the Orb.
     0 | D:1      | Reached XP level 1. HP: 19/19 MP: 0/0
     0 | D:1      | that
   102 | D:1      | Reached XP level 2. HP: 24/27 MP: 1/1
   189 | D:3      | :(
   261 | D:4      | Reached skill level 5 in Unarmed Combat
   261 | D:4      | Reached XP level 3. HP: 25/33 MP: 2/2
   285 | D:4      | Found a shadowy altar of Dithmenos.
   345 | D:5      | Entered Level 5 of the Dungeon
   402 | D:5      | Noticed a slave
   403 | D:5      | Noticed a slave
   404 | D:5      | Noticed Pikel
   404 | D:5      | Noticed a slave
   447 | D:6      | Noticed a phantom
   468 | D:6      | Killed a phantom
   468 | D:6      | Reached XP level 4. HP: 24/41 MP: 3/3
   468 | D:6      | Reached XP level 5. HP: 27/47 MP: 4/4
   471 | D:6      | Noticed a centaur
   472 | D:6      | HP: 2/47 [centaur/arrow (13)]
   475 | D:6      | Noticed a sky beast
   477 | D:6      | Found a sparkling altar of Nemelex Xobeh.
   482 | D:6      | Banished a centaur
   482 | D:6      | Reached skill level 5 in Fighting
   505 | D:6      | Noticed an ogre
   563 | D:6      | Reached XP level 6. HP: 22/56 MP: 5/5
   596 | D:6      | Got a twisted leather armour
   622 | D:6      | Slain by an ogre

Action                   |  1- 3 |  4- 6 || total
-------------------------+-------+-------++-------
Melee: Unarmed           |    40 |       ||    40
       War axe           |    12 |    17 ||    29
  Use: Potion            |       |     2 ||     2
